 Dungeon Crawl Stone Soup version 0.24.0-13-gcf9b3192b9 (webtiles) character file.

Game seed: 8951308023589933698, levelgen mode: deterministic

28 DavidChitty2 the Skirmisher (level 3, -18/29 HPs)
             Began as a Demonspawn Abyssal Knight on Nov 10, 2019.
             Was a Follower of Lugonu.
             Demolished by an ogre
             ... wielding a +0 giant club
              (22 damage)
             ... on level 2 of the Dungeon.
             The game lasted 00:02:03 (1079 turns).

DavidChitty2 the Skirmisher (DsAK)                  Turns: 1079, Time: 00:02:03

Health: -18/29     AC:  9    Str: 13    XL:     3   Next: 0%
Magic:  0/5        EV:  6    Int: 13    God:    Lugonu [*.....]
Gold:   69         SH:  0    Dex: 12    Spells: 2/2 levels left

rFire    . . .     SeeInvis .   a - +1 hand axe
rCold    . . .     Gourm    .   (no shield)
rNeg     . . .     Faith    .   l - +0 chain mail
rPois    .         Spirit   +   (no helmet)
rElec    .         Reflect  .   (no cloak)
rCorr    .         Harm     .   (no gloves)
MR       .....                  (no boots)
Stlth    ..........             (no amulet)
HPRegen  0.09/turn              (no ring)
MPRegen  0.09/turn              (no ring)

@: no status effects
A: rugged brown scales 1, magic shield
a: Depart the Abyss, Renounce Religion


You were on level 2 of the Dungeon.
You worshipped Lugonu.
Lugonu was aware of your devotion.
You were hungry.

You visited 1 branch of the dungeon, and saw 2 of its levels.
You visited the Abyss 1 time.

You collected 69 gold pieces.

Inventory:

Hand Weapons
 a - a +1 hand axe (weapon)
Missiles
 d - 2 poisoned darts (quivered)
Armour
 l - a +0 chain mail (worn)
   (You found it on level 1 of the Dungeon)
Jewellery
 i - an uncursed ring of fire
   (You found it on level 1 of the Dungeon)
Scrolls
 c - a scroll of identify {@r1}
 f - a scroll of fog
 h - a scroll of noise {unknown}
 n - a scroll of immolation {!r}
Potions
 b - a potion of magic
 o - a potion of brilliance {unknown}
Comestibles
 e - 2 rations {!d}
 g - a chunk of flesh


   Skills:
 + Level 3.1 Fighting
 * Level 2.4 Axes
 + Level 2.0 Armour
 + Level 1.3 Dodging
 + Level 2.8 Invocations


You had 2 spell levels left.
You didn't know any spells.
Your spell library was empty.

Dungeon Overview and Level Annotations

Branches:
Dungeon (2/15)

Altars:
Uskayaw


Innate Abilities, Weirdness & Mutations

You are partially covered in rugged brown scales. (AC +1, +3% HP)
When hurt, damage is shared between your health and your magic reserves.


Message History

You see here a +0 dagger.
Found a stone staircase leading down.
Found a hide-covered altar of Uskayaw.
You now have 69 gold pieces (gained 16).
There is a stone staircase leading down here.
Found a stone staircase leading down.
Found 12 gold pieces.
Found 22 stones.
An ogre comes into view. It is wielding a +0 giant club.
The ogre shouts!
An ogre is nearby!
Found 14 gold pieces.
Okay, then.
The ogre hits you with a +0 giant club!
Throwing (i - inventory)
d - 8 poisoned darts (quivered)
Aim: an ogre, wielding a +0 giant club You throw a poisoned dart.
The poisoned dart hits the ogre.
Throwing (i - inventory)
d - 7 poisoned darts (quivered)
Aim: an ogre, wielding a +0 giant club You throw a poisoned dart.
The poisoned dart completely misses the ogre.
The ogre barely misses you.
Throwing (i - inventory)
d - 6 poisoned darts (quivered)
Aim: an ogre, wielding a +0 giant club You throw a poisoned dart.
The poisoned dart hits the ogre.
The ogre is poisoned.
The ogre hits you with a +0 giant club!
* * * LOW HITPOINT WARNING * * *
The ogre looks more healthy.
Throwing (i - inventory)
d - 5 poisoned darts (quivered)
Aim: an ogre, wielding a +0 giant club (lightly wounded)
You throw a poisoned dart. The poisoned dart hits the ogre.
The ogre hits you but does no damage.
Throwing (i - inventory)
d - 4 poisoned darts (quivered)
Aim: an ogre, wielding a +0 giant club (lightly wounded)
You throw a poisoned dart. The poisoned dart hits the ogre.
The ogre is poisoned.
The ogre closely misses you.
The ogre looks more healthy.
Throwing (i - inventory)
d - 3 poisoned darts (quivered)
Aim: an ogre, wielding a +0 giant club (moderately wounded)
You throw a poisoned dart. The poisoned dart hits the ogre.
The ogre is poisoned.
You are feeling hungry.
The ogre looks more healthy.
There is a stone staircase leading down here.
You barely miss the ogre. The ogre hits you with a +0 giant club!
* * * LOW HITPOINT WARNING * * *
Your chain mail prevents you from hitting the ogre.
The ogre hits you with a +0 giant club!!
Ouch! That really hurt!
You die...

###.##.##....>.# #.#
#.##.##.#.##.# #.# ####
############.#### #.#..... #8##
##....####.#.# #.#### ##8...8
..8##...#........# #.....
##$........##.....####.#.###.#.##
#>.........8#......)<........#รท#
##...(.....#####O#####.#######.#
##8...8...8## #@.......######)##
#8###_## #.######.......... # ##
..# #.######.## ##.. #.. .... ###
#..# #.## #..# #.# #..# #.# #(.#
#.. .. ##


You could see an ogre.

Vanquished Creatures
  An adder (D:2)
  A ball python (D:1)
  5 goblins
  4 hobgoblins
  3 bats
  A frilled lizard (D:1)
  2 kobolds (D:1)
  3 rats (D:1)
20 creatures vanquished.

Notes
Turn   | Place    | Note
-------+----------+-------------------------------------------
     0 | Abyss:1  | DavidChitty2 the Demonspawn Abyssal Knight began the quest
                  | for the Orb.
     0 | Abyss:1  | Reached XP level 1. HP: 18/18 MP: 2/2
    44 | Abyss:1  | Noticed a flying skull
    45 | D:1      | Escaped the Abyss
    70 | D:1      | Reached * piety under Lugonu
   193 | D:1      | Reached skill level 1 in Dodging
   409 | D:1      | Gained mutation: When hurt, damage is shared between your
                  | health and your magic reserves. [demonic ancestry]
   409 | D:1      | Reached XP level 2. HP: 24/24 MP: 3/3
   958 | D:2      | Gained mutation: You are partially covered in rugged brown
                  | scales. (AC +1, +3% HP) [demonic ancestry]
   958 | D:2      | Reached XP level 3. HP: 24/29 MP: 5/5
   983 | D:2      | Found a hide-covered altar of Uskayaw.
  1027 | D:2      | Noticed an ogre
  1079 | D:2      | Demolished by an ogre

Levels and vault maps discovered:
D:1:      dpeg_arrival_rooms_b, layout_basic
D:2:      layout_loops_ring, nicolae_overflow_hidden_temple

Skill      XL: |  1  2 |
---------------+-------+-----
Dodging        | 1 |  1.3
Axes           | 2 |  2.4
Armour         | 2 |  2.0
Fighting       | |  3.1
Invocations    | |  2.8

Action                   || total
-------------------------++-------
Melee: Hand axe          ||    62
Throw: Dart              ||     6
Invok: Depart the Abyss  ||     1
  Use: Scroll            ||     6
Armor: Leather armour    ||     3
       Chain mail        ||    45
Dodge: Dodged            ||    24
